Map: 카이로스 정션 - 래더

Players

Zest

  • Race: Protoss Protoss
  • League: Master
  • Spawn Location: 11:00

Hurricane - Winner!

  • Race: Protoss Protoss
  • League: Master
  • Spawn Location: 5:00

Event: IEM Season 13 - Katowice Server Qualifiers Asia 2

VOD

Have the link to the VOD?

Description

Time

  • Played on: Jan. 22, 2019, 4:18 a.m.
  • Length: 7:44

All games in this series

Show
View Real Time Build Order
Export as new Build Order

Zest Protoss 

Build Orders: Phoenix Opening 

Get SALT Encoding   

  12  0:00  Probe  
  13  0:12  Probe  
  14  0:17  Pylon  
  14  0:24  Probe  
  15  0:32  Probe  
  15  0:37  Gateway  
  15  0:40  Probe  
  16  0:46  Assimilator  
  17  0:51  Probe  
  17  0:54  Assimilator  
  18  1:00  Probe  
  19  1:08  Probe  
  19  1:09  Gateway  
  19  1:17  Probe  
  20  1:24  Cybernetics Core  
  21  1:29  Probe  
  22  1:35  Pylon  
  22  1:41  Probe  
  23  1:53  Probe  
  24  2:00  Stalker  
  24  2:01  Sentry, Warp Gate  
  28  2:10  Pylon  
  28  2:30  Stargate  
  28  2:34  Phoenix  
  28  2:42  Nexus  
  28  2:49  Probe  
  29  3:02  Stalker x2  
  29  3:05  Probe  
  34  3:15  Phoenix  
  36  3:20  Probe  
  37  3:32  Probe  
  38  3:44  Probe  
  38  3:47  Pylon  
  39  3:48  Phoenix  
  39  3:51  Probe  
  39  3:52  Probe  
  42  3:59  Probe  
  42  4:00  Probe  
  43  4:09  Probe, Phoenix  
  45  4:11  Probe  
  45  4:14  Robotics Facility  
  49  4:20  Sentry  
  49  4:21  Probe  
  49  4:23  Probe, Pylon  
  53  4:29  Probe  
  53  4:35  Probe, Forge  
  53  4:37  Assimilator  
  53  4:38  Probe  
  55  4:39  Assimilator  
  56  4:47  Probe  
  56  4:48  Protoss Ground Weapons Level 1  
  56  4:49  Probe  
  58  4:59  Probe  
  59  5:01  Probe  
  59  5:05  Immortal  
  64  5:18  Gateway  
  64  5:19  Gateway  
  64  5:20  Pylon  
  64  5:30  Probe  
  65  5:42  Twilight Council  
  65  5:44  Immortal  
  65  5:45  Pylon  
  69  5:55  Gateway  
  69  5:56  Gateway  
  69  6:12  Nexus  
  69  6:13  Pylon  
  69  6:23  Immortal  
  69  6:24  Templar Archives  
  73  6:32  Gateway x2  
  73  6:46  Pylon  
  73  6:47  Pylon  
  73  6:59  Zealot x4  
  73  7:00  Zealot x2  
  69  7:20  Zealot  
  69  7:21  Zealot x5  
Show
View Real Time Build Order
Export as new Build Order

Hurricane Protoss - Winner!

Build Orders: Phoenix Opening 

Get SALT Encoding   

  12  0:00  Probe  
  13  0:12  Probe  
  14  0:18  Pylon  
  14  0:24  Probe  
  15  0:32  Probe  
  15  0:39  Gateway  
  15  0:40  Probe  
  16  0:46  Assimilator  
  17  0:51  Probe  
  17  0:54  Assimilator  
  18  0:59  Probe  
  19  1:07  Probe, Gateway  
  20  1:17  Probe  
  21  1:26  Cybernetics Core  
  21  1:29  Probe  
  22  1:36  Pylon  
  22  1:41  Probe  
  23  1:54  Probe  
  24  2:02  Sentry, Stalker  
  24  2:03  Warp Gate  
  28  2:09  Pylon  
  28  2:25  Pylon  
  28  2:33  Sentry x2  
  28  2:35  Probe, Phoenix  
  33  2:47  Nexus  
  33  2:52  Probe  
  34  3:04  Pylon  
  34  3:12  Stalker x2  
  38  3:16  Probe, Phoenix  
  39  3:26  Probe  
  40  3:34  Stargate, Probe  
  41  3:42  Probe  
  42  3:54  Probe  
  43  3:56  Pylon  
  43  4:01  Probe  
  43  4:03  Probe  
  43  4:07  Twilight Council  
  43  4:09  Probe  
  45  4:11  Probe  
  45  4:13  Stalker  
  45  4:14  Stalker  
  51  4:18  Probe  
  51  4:20  Phoenix  
  51  4:21  Probe  
  51  4:22  Blink  
  53  4:30  Probe  
  54  4:33  Probe  
  54  4:37  Stalker  
  54  4:38  Pylon, Stalker  
  59  4:42  Probe  
  59  4:43  Forge  
  60  4:50  Probe  
  61  4:54  Probe, Assimilator  
  61  4:59  Assimilator  
  62  5:01  Stalker  
  62  5:02  Probe  
  65  5:08  Probe  
  65  5:10  Protoss Ground Weapons Level 1  
  65  5:12  Pylon  
  65  5:14  Probe  
  65  5:19  Gateway  
  65  5:20  Probe  
  67  5:26  Probe  
  67  5:37  Probe  
  67  5:38  Probe  
  69  5:43  Gateway  
  69  5:44  Gateway  
  69  5:51  Nexus  
  69  5:55  Phoenix  
  69  6:09  Stalker x2  
  73  6:12  Gateway  
  73  6:14  Gateway  
  73  6:17  Robotics Facility  
  73  6:24  Stalker  
  75  6:33  Probe x2  
  77  6:43  Templar Archives, Stalker x2  
  77  6:44  Pylon  
  77  6:45  Stalker  
  83  6:50  Stalker  
  83  7:20  Stalker x7  
  79  7:30  Probe  

Tags
 
Add a new tag
Caveats
  • Supply blocks, unpowered buildings, or Contaminate may cause inaccurate times.
  • Supply counts are checked every 10 seconds.